[Event "Superbet Rapid Poland 2022"]
[Site "Warsaw"]
[Date "2022.05.21"]
[Round "9.3"]
[White "Caruana, Fabiano"]
[Black "Shevchenko, Kirill"]
[Result "1/2-1/2"]
[ECO "D11"]
[WhiteElo "2786"]
[BlackElo "2644"]
[Annotator "TA"]
[PlyCount "106"]
[EventDate "2022.05.19"]
[EventType "tourn"]
[EventCountry "POL"]
[SourceTitle "playchess.com"]
[Source "ChessBase"]
[SourceQuality "1"]
[TimeControl "1500+10"]

1. d4 Nf6 2. c4 c6 3. Nf3 d5 4. e3 Bf5 5. Nc3 a6 6. a4 e6 {[%emt 0:01:52] D11: Slav Defence: 3 Nf3 sidelines and 3...Nf6 4 e3 Bg4.} 7. a5 {[%emt 0:00:53] [#]} c5 $146 ({Predecessor:} 7... Nbd7 8. c5 Qc7 9. Nh4 Be7 10. Qf3 Bg4 11. Qg3 Qxg3 12. hxg3 e5 13. Be2 Be6 14. Nf3 Ne4 15. Nxe4 dxe4 16. Nd2 Bd5 17. Nc4 Bxc4 {½-½ (17) Miladinovic,I (2563)-Stefanova,A (2514) Salou 2000}) 8. cxd5 exd5 9. Ne5 Nc6 10. Be2 Qc7 11. Nxc6 bxc6 12. O-O Bd6 13. h3 O-O 14. dxc5 Bxc5 15. Bd2 Qe5 16. Na4 Bd6 17. f4 Qe7 18. Rf3 Be4 19. Rg3 c5 $36 {[%emt 0:00:12][%mdl 2048] Black has some pressure.} 20. Nb6 Ra7 21. Bf3 Rd8 22. Qe2 Bc7 23. Re1 Bxf3 24. gxf3 Qe6 25. e4 Nh5 (25... Bxb6 $17 26. Qg2 g6 $1) 26. Rg4 $11 f5 27. exf5 Qxf5 28. Rg5 Qf7 {[%emt 0:00:05] [#]} (28... Qxh3 $5 29. Nxd5 Bd6 $11) 29. Qe6 (29. Rxd5 $1 $14 Rxd5 (29... Rf8 30. Qe6) 30. Nxd5 Qg6+ 31. Qg2 Qxg2+ 32. Kxg2) 29... Qxe6 $1 $15 (29... Nxf4 $2 30. Qxf7+ Kxf7 31. Bxf4 $18) 30. Rxe6 Bxf4 31. Rxh5 Bxd2 32. Nxd5 Bxa5 33. Rf5 Rf8 34. Rxf8+ Kxf8 $11 {[%emt 0:00:01][%mdl 4096] Endgame KRB-KRN} 35. Kg2 (35. Rc6 $11 {remains equal.}) 35... c4 36. Kg3 Rd7 37. Re5 (37. Nb6 $142 Kf7 38. Rc6 Bxb6 39. Rxb6) 37... Kf7 38. f4 Bd8 39. Kf3 (39. Kg4 $142) 39... Rb7 $17 40. Ne3 Bf6 (40... Rb3 $17 41. Ke4 Rb4) 41. Ra5 $15 Rb3 ({Much worse is} 41... Bxb2 42. Nxc4 Rb3+ 43. Kg4 $11) 42. Ke4 {[%emt 0:00:03] Prevents Bd4.} Rb4 43. Kf3 $1 Rb3 44. Ke4 {[%emt 0:00:01] Against Bd4} Rb4 {[%emt 0:00:01] ( -> ...c3+)} ({Don't play} 44... Rxb2 $6 45. Nxc4 Rb4 46. Kd3 $15) 45. Kf3 $1 Bd4 {[%emt 0:00:24] ...Rb3 is the strong threat.} 46. Nf5 (46. Rxa6 $15 Bxe3 47. Kxe3) 46... Rb3+ (46... Bxb2 $17 {Threatens to win with ...c3.} 47. Rxa6 Bf6 48. Ra7+ Kg6) 47. Ke4 $11 Bxb2 {[%emt 0:00:04] Strongly threatening ...c3.} 48. Nd6+ (48. Rxa6 $11 Bf6 49. Nd6+ Kg6 50. Nxc4) 48... Ke7 $15 49. Nxc4 Bf6 ({Black should play} 49... Rb4 $15 50. Kd3 Bc1) 50. Ne3 $11 {[%emt 0:00:13] The position is equal.} Rb4+ 51. Kf3 Rb3 {[%emt 0:00:01] White must now prevent ...Bd4.} 52. Ke4 {[%emt 0:00:02] Inhibits Bd4.} Rb4+ 53. Kf3 {[%emt 0:00:01] Hoping for Nd5+.} Rb3 {[%emt 0:00:07] Weighted Error Value: White=0.16 (very precise) /Black=0.20 (precise)} 1/2-1/2

[Event "Superbet Rapid Poland 2022"]
[Site "Warsaw"]
[Date "2022.05.21"]
[Round "9.4"]
[White "Rapport, Richard"]
[Black "Anand, Viswanathan"]
[Result "1-0"]
[ECO "C47"]
[WhiteElo "2776"]
[BlackElo "2751"]
[Annotator "TA"]
[PlyCount "71"]
[EventDate "2022.05.19"]
[EventType "tourn"]
[EventCountry "POL"]
[SourceTitle "playchess.com"]
[Source "ChessBase"]
[SourceQuality "1"]
[TimeControl "1500+10"]

1. e4 e5 2. Nf3 Nf6 3. Nc3 Nc6 4. a4 d6 5. d4 exd4 6. Nxd4 {[%emt 0:00:01] C47: Scotch Four Knights and Four Knights with 4 g3.} Be7 {[%emt 0:00:02] [#]} 7. Be2 $146 ({Predecessor:} 7. Nxc6 bxc6 8. Be2 O-O 9. O-O a5 10. Be3 d5 11. e5 Nd7 12. f4 Re8 13. Bf2 {1-0 (35) Van Woerden,H-Rasmussen,P ICCF corr 1994}) 7... O-O 8. O-O {[%emt 0:00:03] The position is equal.} Re8 9. a5 Nb4 10. f4 (10. Bc4 $142) 10... c5 11. Nb3 Bf8 12. Bf3 d5 13. e5 (13. exd5 c4 14. Nd4 Bc5 $17) 13... Bf5 $1 14. Rf2 (14. exf6 $2 Bxc2 15. Qd2 Bxb3 16. fxg7 Bxg7 $19) 14... d4 $1 15. Na4 (15. exf6 dxc3 16. bxc3 Nxc2 17. Rxc2 Qxd1+ 18. Bxd1 Re1+ 19. Kf2 Rxd1 $17) 15... Nd7 (15... d3 $15 16. c4 (16. exf6 Nxc2 17. Bd2 Nxa1 $17) (16. Bxb7 $2 Ng4 $19) (16. Nbxc5 Nxc2 17. Rb1 Rc8 $19) 16... Nc2) 16. Bxb7 Rb8 17. a6 d3 18. c4 Nb6 19. Na5 Nxa4 20. Qxa4 Bd7 21. Qd1 Re6 22. Bd2 Nxa6 23. Bd5 (23. Rf3 $16) 23... Reb6 (23... Rxb2 $14 24. Bxe6 Bxe6) 24. Bc3 $16 {[%emt 0:00:25] White is more active.} Nb4 25. f5 (25. Bxb4 $16 Rxb4 26. Qxd3) 25... Nxd5 (25... Ra6 $1 $11) 26. cxd5 {[%emt 0:00:02] aiming for Nc4.} Bb5 {[%emt 0:00:01] Prevents Nc4.} 27. Qf3 {[%emt 0:00:39] Threatens to win with f6.} c4 28. Kh1 f6 {[%emt 0:00:30] [#]} 29. exf6 (29. Nc6 $1 $16 Bxc6 30. dxc6) 29... Rxf6 $14 30. Nc6 $36 {[%emt 0:00:31][%mdl 2048] White has the initiative.} Bxc6 31. dxc6 Rf7 32. Ra4 Rb5 $1 ({Weaker is} 32... Bc5 33. Rf1 $16) 33. f6 (33. Rxc4 $5 Rbxf5 34. Qxf5 Rxf5 35. Rxf5 $14) 33... Rc5 (33... Bc5 $2 34. Rf1 g6 35. Rxc4 $18) 34. Qg4 h5 $2 {[%emt 0:00:25][%mdl 8192] [#]} (34... Rxc6 $11 35. fxg7 (35. Rxc4 h5 $15) 35... Rxf2 36. gxf8=N+ (36. gxf8=B+ Rg6 $11) (36. gxf8=Q+ Kxf8 37. Bb4+ Rd6 $18) 36... Kxf8 37. Bb4+ Rd6) 35. Qe6 $2 (35. Qg6 $1 $18 {[%cal Of6g7] White threatens fxg7! and mate.} Qc7 36. Ra6) 35... Qd6 $2 {[%emt 0:00:06][%mdl 8192] [#]} (35... Qd5 $11 36. Qxd5 Rxd5) 36. Qxf7+ $3 {[%emt 0:00:03][%mdl 512] Weighted Error Value: White=0.36/Black=0.48} 1-0

[Event "Superbet Rapid Poland 2022"]
[Site "Warsaw"]
[Date "2022.05.21"]
[Round "9.5"]
[White "Wojtaszek, Radoslaw"]
[Black "So, Wesley"]
[Result "1/2-1/2"]
[ECO "E05"]
[WhiteElo "2696"]
[BlackElo "2766"]
[Annotator "TA"]
[PlyCount "91"]
[EventDate "2022.05.19"]
[EventType "tourn"]
[EventCountry "POL"]
[SourceTitle "playchess.com"]
[Source "ChessBase"]
[SourceQuality "1"]
[TimeControl "1500+10"]

1. d4 Nf6 2. c4 e6 3. Nf3 d5 4. g3 Be7 5. Bg2 O-O 6. O-O dxc4 7. Qc2 a6 8. a4 Bd7 9. Qxc4 Bc6 10. Bg5 Bd5 11. Qc2 Be4 12. Qc1 h6 13. Bxf6 {[%emt 0:00:07] E05: Open Catalan: 5 Nf3 Be7.} Bxf6 14. Nbd2 Bxf3 15. Nxf3 {[%emt 0:01:53] The position is equal.} a5 16. Rd1 Na6 17. Qc4 c6 {[%emt 0:00:14] Against Qb5} 18. Rac1 Qb6 19. e3 Rfd8 20. Nd2 {[%emt 0:00:36] [#]} Rd7 $146 ({Predecessor:} 20... Nb4 21. Qe2 Nd5 22. Nc4 Qb4 23. Rd3 Nb6 24. Nd2 Nd5 25. Rb3 Qxa4 26. Rxb7 Rdb8 {1-0 (42) Michael,D (2298)-Rosenhek,M (2149) ICCF email 2010}) 21. Qc3 Nb4 22. Nc4 Qc7 23. Qe1 Rad8 24. Be4 g6 25. Kg2 e5 26. dxe5 Bxe5 27. Rxd7 Rxd7 28. b3 Kg7 29. Rd1 Rxd1 30. Qxd1 b6 31. f4 Bf6 32. Qd6 Qxd6 33. Nxd6 $11 {[%emt 0:00:01][%mdl 4096] [#] Endgame aiming for Ne8+. KBN-KBN} Be7 34. Nc4 Bc5 35. Kf3 f5 36. Bb1 {[%emt 0:00:02] White is slightly better.} Nd5 37. e4 fxe4+ 38. Bxe4 Ne7 39. Ne5 Bd4 40. Nxc6 Nxc6 41. Bxc6 $14 {[%emt 0:00:01] KB-KB} g5 42. Ke4 Bg1 43. fxg5 hxg5 44. h4 gxh4 45. gxh4 Kh6 46. Kf3 {[%emt 0:00:02] Weighted Error Value: White=0.05 (flawless) /Black=0.05 (flawless)} 1/2-1/2